PAA
LANNISTER UNITED LIONHEARTS @ MERCER ISLAND SCREAMING EAGLES
08/31/2025
 
TOP OF THE 1ST
Lannister United Lionhearts batting - Pitching for Mercer Island Screaming Eagles : RHP Raúl Pérez
Pitching: RHP Raúl Pérez
Batting: LHB Evan Nelson 0-0: Called Strike
0-1: Swinging Strike
0-2: Ball
1-2: Ground out 1-3 (Groundball, P)
Batting: LHB Walter Frampton 0-0: Called Strike
0-1: Ball
1-1: Called Strike
1-2: Fly out, F8 (Flyball, 8RD)
Batting: SHB Corey Neace 0-0: Ball
1-0: Foul Ball, location: 2F
1-1: Foul Ball, location: 2F
1-2: Ground out 4-3 (Groundball, 4D)
Top of the 1st over - 0 run(s), 0 hit(s), 0 error(s), 0 left on base; Lannister United 0 - Mercer Island 0
BOTTOM OF THE 1ST
Mercer Island Screaming Eagles batting - Pitching for Lannister United Lionhearts : RHP Edgar Lankford
Pitching: RHP Edgar Lankford
Batting: LHB Nelson Plasenia 0-0: Called Strike
0-1: Called Strike
0-2: Fly out, F8 (Line Drive, 8LM)
Batting: RHB Alfredo García 0-0: Ball
1-0: Ground out 4-3 (Groundball, 4)
Batting: LHB Miguel Pacheco 0-0: Ball
1-0: Ball
2-0: Ball
3-0: Called Strike
3-1: DOUBLE (Line Drive, 78XD)
Batting: RHB Leonardo Ramírez 0-0: Ground out 6-3 (Groundball, 6)
Bottom of the 1st over - 0 run(s), 1 hit(s), 0 error(s), 1 left on base; Lannister United 0 - Mercer Island 0
TOP OF THE 2ND
Lannister United Lionhearts batting - Pitching for Mercer Island Screaming Eagles : RHP Raúl Pérez
Batting: LHB Gonzalo Álvarez 0-0: Ball
1-0: Called Strike
1-1: Ball
2-1: Ball
3-1: Called Strike
3-2: Foul Ball, location: 2F
3-2: Foul Ball, location: 2F
3-2: Strikes out swinging
Batting: RHB IV Seacat 0-0: Fly out, F7 (Line Drive, 78XD)
Batting: RHB Anselmo Berneu 0-0: Ball
1-0: Swinging Strike
1-1: Ball
2-1: Foul Ball, location: 2F
2-2: Foul Ball, location: 2F
2-2: Ball
3-2: Base on Balls
Batting: RHB Jason Compton 0-0: Ball
1-0: Foul Ball, location: 2F
1-1: Called Strike
1-2: Ball
2-2: Foul Ball, location: 2F
2-2: Fly out, F7 (Line Drive, 78S)
Top of the 2nd over - 0 run(s), 0 hit(s), 0 error(s), 1 left on base; Lannister United 0 - Mercer Island 0
BOTTOM OF THE 2ND
Mercer Island Screaming Eagles batting - Pitching for Lannister United Lionhearts : RHP Edgar Lankford
Batting: SHB Jorge Velázquez 0-0: Called Strike
0-1: Ground out 3-1 (Groundball, 34)
Batting: RHB Luis Jiménez 0-0: Ball
1-0: Called Strike
1-1: Ball
2-1: Ball
3-1: Foul Ball, location: 2F
3-2: Ground out 6-3 (Groundball, 6)
Batting: RHB Marshall Attwood 0-0: Swinging Strike
0-1: Ball
1-1: Swinging Strike
1-2: Foul Ball, location: 2F
1-2: Foul Ball, location: 2F
1-2: Ground out 6-3 (Groundball, 6)
Bottom of the 2nd over - 0 run(s), 0 hit(s), 0 error(s), 0 left on base; Lannister United 0 - Mercer Island 0
TOP OF THE 3RD
Lannister United Lionhearts batting - Pitching for Mercer Island Screaming Eagles : RHP Raúl Pérez
Batting: RHB Bruce Ingilby 0-0: Called Strike
0-1: Swinging Strike
0-2: Ball
1-2: Ball
2-2: Ball
3-2: Strikes out looking
Batting: RHB Ron Morton 0-0: Called Strike
0-1: Ball
1-1: Called Strike
1-2: Ball
2-2: Ball
3-2: Strikes out looking
Batting: LHB Evan Nelson 0-0: Ball
1-0: Called Strike
1-1: Ball
2-1: Ball
3-1: Foul Ball, location: 2F
3-2: SINGLE (Line Drive, 6MD)
Batting: LHB Walter Frampton 0-0: Ball
Evan Nelson steals 2nd base
1-0: Swinging Strike
1-1: SINGLE (Groundball, 4D)
Evan Nelson to third
Runner from 3rd tries for Home, SAFE, no throw
Batting: SHB Corey Neace 0-0: Called Strike
0-1: Called Strike
0-2: Fly out, F8 (Line Drive, 78M)
Top of the 3rd over - 1 run(s), 2 hit(s), 0 error(s), 1 left on base; Lannister United 1 - Mercer Island 0
BOTTOM OF THE 3RD
Mercer Island Screaming Eagles batting - Pitching for Lannister United Lionhearts : RHP Edgar Lankford
Batting: RHB Wade Killefer 0-0: Ball
1-0: Called Strike
1-1: Ball
2-1: Fly out, F4 (Popup, 4D)
Batting: RHB Ron Gérard 0-0: Ball
1-0: Foul Ball, location: 2F
1-1: Ground out 5-3 (Groundball, 5)
Batting: LHB Nelson Plasenia 0-0: DOUBLE (Flyball, 9LD)
Batting: RHB Alfredo García 0-0: SINGLE (Line Drive, 6MD)
Nelson Plasenia to third
Runner from 3rd tries for Home, throw and OUT!
Bottom of the 3rd over - 0 run(s), 2 hit(s), 0 error(s), 1 left on base; Lannister United 1 - Mercer Island 0
TOP OF THE 4TH
Lannister United Lionhearts batting - Pitching for Mercer Island Screaming Eagles : RHP Raúl Pérez
Batting: LHB Gonzalo Álvarez 0-0: Called Strike
0-1: Ball
1-1: Called Strike
1-2: SINGLE (Groundball, 56D)
Batting: RHB IV Seacat 0-0: Ball
1-0: Ball
2-0: Called Strike
2-1: Foul Ball, location: 2F
2-2: Ball
3-2: Base on Balls
Gonzalo Álvarez to second
Batting: RHB Anselmo Berneu 0-0: Swinging Strike
0-1: Called Strike
0-2: Ball
1-2: Ball
2-2: Strikes out swinging
Batting: RHB Jason Compton 0-0: Ball
Gonzalo Álvarez steals 3rd base
IV Seacat to second
1-0: Fly out, F8 (Flyball, 8RD)
Runner from 3rd tags up, SCORES, no throw
IV Seacat to third
Batting: RHB Bruce Ingilby 0-0: Called Strike
0-1: Fly out, F9 (Line Drive, 89M)
Top of the 4th over - 1 run(s), 1 hit(s), 0 error(s), 1 left on base; Lannister United 2 - Mercer Island 0
BOTTOM OF THE 4TH
Mercer Island Screaming Eagles batting - Pitching for Lannister United Lionhearts : RHP Edgar Lankford
Batting: LHB Miguel Pacheco 0-0: Swinging Strike
0-1: Foul Ball, location: 2F
0-2: Ball
1-2: Ball
2-2: Ball
3-2: Base on Balls
Batting: RHB Leonardo Ramírez 0-0: Ball
1-0: Foul Ball, location: 2F
1-1: SINGLE (Groundball, 3D)
Miguel Pacheco to second
Runner from 2nd tries for 3rd, SAFE, no throw
Batting: SHB Jorge Velázquez 0-0: Foul Ball, location: 2F
0-1: Fly out, F4 (Popup, 34D)
Batting: RHB Luis Jiménez 0-0: Called Strike
0-1: Fly out, F8 (Flyball, 89M)
Runner from 3rd tags up, OUT at HOME
Bottom of the 4th over - 0 run(s), 1 hit(s), 0 error(s), 1 left on base; Lannister United 2 - Mercer Island 0
TOP OF THE 5TH
Lannister United Lionhearts batting - Pitching for Mercer Island Screaming Eagles : RHP Raúl Pérez
Batting: RHB Ron Morton 0-0: Ball
1-0: Foul Ball, location: 2F
1-1: Ball
2-1: SINGLE (Groundball, 56D)
Batting: LHB Evan Nelson 0-0: Sac Bunt - play at first, batter OUT! 5-3
Ron Morton to second
Batting: LHB Walter Frampton 0-0: Intentional Walk
Batting: SHB Corey Neace 0-0: Fielders Choice at 2nd, 6-4 (Groundball, 6)
Ron Morton to third
Batting: LHB Gonzalo Álvarez 0-0: Called Strike
0-1: Ball
1-1: Ball
2-1: Ball
3-1: Swinging Strike
3-2: Foul Ball, location: 2F
3-2: Foul Ball, location: 2F
3-2: Strikes out swinging
Top of the 5th over - 0 run(s), 1 hit(s), 0 error(s), 2 left on base; Lannister United 2 - Mercer Island 0
BOTTOM OF THE 5TH
Mercer Island Screaming Eagles batting - Pitching for Lannister United Lionhearts : RHP Edgar Lankford
Batting: RHB Marshall Attwood 0-0: Ball
1-0: Ball
2-0: Ball
3-0: Base on Balls
Batting: RHB Wade Killefer 0-0: Ball
1-0: Bunted foul
1-1: Sac Bunt - play at first, batter OUT! 1-4
Marshall Attwood to second
Batting: RHB Ron Gérard 0-0: Ball
1-0: Fly out, F9 (Flyball, 89M)
Batting: LHB Nelson Plasenia 0-0: Called Strike
0-1: Foul Ball, location: 2F
0-2: Ground out 6-3 (Groundball, 6)
Bottom of the 5th over - 0 run(s), 0 hit(s), 0 error(s), 1 left on base; Lannister United 2 - Mercer Island 0
TOP OF THE 6TH
Lannister United Lionhearts batting - Pitching for Mercer Island Screaming Eagles : RHP Raúl Pérez
Batting: RHB IV Seacat 0-0: SINGLE (Line Drive, 7S)
Batting: RHB Anselmo Berneu 0-0: Foul Ball, location: 2F
0-1: Called Strike
0-2: Foul Ball, location: 2F
0-2: Strikes out swinging
Batting: RHB Jason Compton 0-0: Ball
1-0: Called Strike
1-1: Ball
2-1: SINGLE (Flyball, 8RS)
IV Seacat to second
Batting: RHB Bruce Ingilby 0-0: Foul Ball, location: 2F
0-1: Called Strike
0-2: Strikes out swinging
Batting: RHB Ron Morton 0-0: Fly out, F9 (Flyball, 9)
Top of the 6th over - 0 run(s), 2 hit(s), 0 error(s), 2 left on base; Lannister United 2 - Mercer Island 0
BOTTOM OF THE 6TH
Mercer Island Screaming Eagles batting - Pitching for Lannister United Lionhearts : RHP Edgar Lankford
Batting: RHB Alfredo García 0-0: DOUBLE (Line Drive, 7LM)
Batting: LHB Miguel Pacheco 0-0: Called Strike
0-1: Reached on error, E6 (Groundball, 6)
Alfredo García to third
Batting: RHB Leonardo Ramírez 0-0: Called Strike
0-1: Ball
1-1: SINGLE (Line Drive, 4)
Alfredo García scores
Miguel Pacheco to second
Batting: SHB Jorge Velázquez 0-0: Fly out, F8 (Flyball, 8LM)
Batting: RHB Luis Jiménez 0-0: Ball
1-0: Ground out 5-3 (Groundball, 25)
Miguel Pacheco to third
Leonardo Ramírez to second
Batting: RHB Marshall Attwood 0-0: Ball
Wild Pitch!
Miguel Pacheco scores
Leonardo Ramírez to third
1-0: Ground out 6-3 (Groundball, 56)
Bottom of the 6th over - 2 run(s), 2 hit(s), 1 error(s), 1 left on base; Lannister United 2 - Mercer Island 2
TOP OF THE 7TH
Lannister United Lionhearts batting - Pitching for Mercer Island Screaming Eagles : RHP Raúl Pérez
Batting: LHB Evan Nelson 0-0: Foul Ball, location: 2F
0-1: Ground out 4-3 (Groundball, 4)
Batting: LHB Walter Frampton 0-0: Ball
1-0: Foul Ball, location: 2F
1-1: Ball
2-1: Ball
3-1: Base on Balls
Pitching: LHP Bastião Shwerin
Pinch Hitting: RHB Steve Hinkle 0-0: Ball
Wild Pitch!
Walter Frampton to second
1-0: Intentional Walk
Batting: LHB Gonzalo Álvarez 0-0: Fly out, F3 (Line Drive, 34)
Lined into DP, U3 (Line Drive, 34)
Top of the 7th over - 0 run(s), 0 hit(s), 0 error(s), 1 left on base; Lannister United 2 - Mercer Island 2
BOTTOM OF THE 7TH
Mercer Island Screaming Eagles batting - Pitching for Lannister United Lionhearts : RHP Edgar Lankford
Now in LF: Lloyd Walsh
Batting: RHB Wade Killefer 0-0: Swinging Strike
0-1: Swinging Strike
0-2: Ground out 5-3 (Groundball, 5)
Pinch Hitting: RHB Luis Antonio Hernández 0-0: Ball
1-0: Ball
2-0: Called Strike
2-1: Called Strike
2-2: Fly out, F7 (Flyball, 7LSF)
Batting: LHB Nelson Plasenia 0-0: Ball
1-0: Called Strike
1-1: Foul Ball, location: 2F
1-2: Strikes out swinging
Bottom of the 7th over - 0 run(s), 0 hit(s), 0 error(s), 0 left on base; Lannister United 2 - Mercer Island 2
TOP OF THE 8TH
Lannister United Lionhearts batting - Pitching for Mercer Island Screaming Eagles : LHP Bastião Shwerin
Now in CF: Luis Antonio Hernández
Batting: RHB IV Seacat 0-0: Fly out, F8 (Line Drive, 8LD)
Batting: RHB Anselmo Berneu 0-0: Ball
1-0: Ball
2-0: Called Strike
2-1: Foul Ball, location: 2F
2-2: Ball
3-2: Base on Balls
Pinch Hitting: RHB Bartolo Martínez 0-0: Ball
1-0: Ball
2-0: Ball
3-0: Base on Balls
Anselmo Berneu to second
Batting: RHB Bruce Ingilby 0-0: Grounds into double play, 4-6-3 (Groundball, 4M)
Top of the 8th over - 0 run(s), 0 hit(s), 0 error(s), 1 left on base; Lannister United 2 - Mercer Island 2
BOTTOM OF THE 8TH
Mercer Island Screaming Eagles batting - Pitching for Lannister United Lionhearts : RHP Edgar Lankford
Now at 3B: Ángel Arroyo
Pinch Hitting: LHB Tony Reynolds 0-0: Foul Ball, location: 2F
0-1: Foul Ball, location: 2F
0-2: Ground out 6-3 (Groundball, 6)
Batting: LHB Miguel Pacheco 0-0: Foul Ball, location: 2F
0-1: Ball
1-1: Ball
2-1: Ball
3-1: Called Strike
3-2: Ground out 3-1 (Groundball, 34D)
Batting: RHB Leonardo Ramírez 0-0: Ball
1-0: Called Strike
1-1: Ground out 4-3 (Groundball, 4)
Bottom of the 8th over - 0 run(s), 0 hit(s), 0 error(s), 0 left on base; Lannister United 2 - Mercer Island 2
TOP OF THE 9TH
Lannister United Lionhearts batting - Pitching for Mercer Island Screaming Eagles : LHP Bastião Shwerin
Pitching: LHP Denis Melis
Now in CF: Tomás Mejía
Batting: RHB Ron Morton 0-0: Foul Ball, location: 2F
0-1: Ball
1-1: Ball
2-1: Fly out, F4 (Line Drive, 4M)
Pinch Hitting: RHB Andrés Escobar 0-0: Called Strike
0-1: Called Strike
0-2: Ball
1-2: Strikes out swinging
Pinch Hitting: LHB Aurelio Aurillo 0-0: Called Strike
0-1: Foul Ball, location: 2F
0-2: Ball
1-2: Ball
2-2: Foul Ball, location: 2F
2-2: Strikes out looking
Top of the 9th over - 0 run(s), 0 hit(s), 0 error(s), 0 left on base; Lannister United 2 - Mercer Island 2
BOTTOM OF THE 9TH
Mercer Island Screaming Eagles batting - Pitching for Lannister United Lionhearts : RHP Edgar Lankford
Now at 1B: Aurelio Aurillo
Now in CF: Andrés Escobar
Pinch Hitting: RHB Vincente Flores 0-0: Ball
1-0: Ball
2-0: Called Strike
2-1: Swinging Strike
2-2: Foul Ball, location: 2F
2-2: Ball
3-2: Foul Ball, location: 2F
3-2: Foul Ball, location: 2F
3-2: Foul Ball, location: 2F
3-2: Base on Balls
Batting: RHB Luis Jiménez 0-0: Bunted foul
0-1: Bunted foul
0-2: Fielders Choice at 2nd, 1-6 (Groundball, 13)
Pitching: RHP Ángel Salazar
Batting: RHB Marshall Attwood 0-0: Swinging Strike
0-1: Ball
1-1: Ball
2-1: Ball
3-1: Grounds into double play, 5-4-3 (Groundball, 56)
Bottom of the 9th over - 0 run(s), 0 hit(s), 0 error(s), 0 left on base; Lannister United 2 - Mercer Island 2
TOP OF THE 10TH
Lannister United Lionhearts batting - Pitching for Mercer Island Screaming Eagles : LHP Denis Melis
Now at C: Vincente Flores
Pinch Hitting: RHB Louis Gibbons 0-0: Ground out 4-3 (Groundball, 34)
Batting: LHB Gonzalo Álvarez 0-0: Foul Ball, location: 2F
0-1: Ball
1-1: Ball
2-1: Swinging Strike
2-2: Ball
3-2: Fly out, F8 (Flyball, 78XD)
Batting: RHB IV Seacat 0-0: Called Strike
0-1: Swinging Strike
0-2: Foul Ball, location: 2F
0-2: Strikes out looking
Top of the 10th over - 0 run(s), 0 hit(s), 0 error(s), 0 left on base; Lannister United 2 - Mercer Island 2
BOTTOM OF THE 10TH
Mercer Island Screaming Eagles batting - Pitching for Lannister United Lionhearts : RHP Ángel Salazar
Now at 2B: Louis Gibbons
Batting: RHB Wade Killefer 0-0: Called Strike
0-1: Ball
1-1: SINGLE (Groundball, 6) (infield hit)
Batting: RHB Luis Antonio Hernández 0-0: Ball
1-0: Sac Bunt - play at first, batter OUT! 2-4
Wade Killefer to second
Batting: LHB Nelson Plasenia 0-0: Ball
1-0: Ball
2-0: Foul Ball, location: 2F
2-1: Ground out 6-3 (Groundball, 6S)
Wade Killefer to third
Batting: LHB Tomás Mejía 0-0: Called Strike
0-1: Ball
1-1: Foul Ball, location: 2F
1-2: Ball
2-2: Strikes out looking
Bottom of the 10th over - 0 run(s), 1 hit(s), 0 error(s), 1 left on base; Lannister United 2 - Mercer Island 2
TOP OF THE 11TH
Lannister United Lionhearts batting - Pitching for Mercer Island Screaming Eagles : LHP Denis Melis
Batting: RHB Anselmo Berneu 0-0: Called Strike
0-1: Ball
1-1: SINGLE (Flyball, 8RS)
Pinch Runner at 1st Martín Alejadre:
Batting: RHB Ángel Arroyo 0-0: Foul Ball, location: 2F
0-1: Foul Ball, location: 2F
0-2: Strikes out swinging
Batting: RHB Bruce Ingilby 0-0: Ball
1-0: Called Strike
1-1: Ball
Martín Alejadre steals 2nd base
2-1: Fly out, F9 (Flyball, 9LS)
Batting: RHB Ron Morton 0-0: Intentional Walk
Pinch Hitting: RHB Alberto Blanco 0-0: Ball
1-0: Foul Ball, location: 2F
1-1: Foul Ball, location: 2F
1-2: Foul Ball, location: 2F
1-2: Ball
2-2: Foul Ball, location: 2F
2-2: Ball
3-2: Ground out 6-3 (Groundball, 6D)
Top of the 11th over - 0 run(s), 1 hit(s), 0 error(s), 2 left on base; Lannister United 2 - Mercer Island 2
BOTTOM OF THE 11TH
Mercer Island Screaming Eagles batting - Pitching for Lannister United Lionhearts : RHP Ángel Salazar
Now at C: Alberto Blanco
Now in RF: Martín Alejadre
Batting: LHB Miguel Pacheco 0-0: Foul Ball, location: 2F
0-1: Swinging Strike
0-2: Ball
1-2: Ball
2-2: Strikes out swinging
Batting: RHB Leonardo Ramírez 0-0: Ball
1-0: Ball
2-0: Foul Ball, location: 2F
2-1: SOLO HOME RUN (Flyball, 9LD), Distance : 341 ft
Friday, December 30th, 2016 - OOTP Baseball 17.12 Build 75